 Dungeon Crawl Stone Soup version 0.31-a0-188-g5e087ee2ca (webtiles) character file.

Game seed: 12124356539789339236

128 qw the Skirmisher (level 4, -6/25 HPs)
             Began as a Deep Elf Hunter on June 23, 2023.
             Mangled by an orc
             ... wielding a +0 war axe
              (9 damage)
             ... on level 3 of the Dungeon.
             The game lasted 00:00:52 (2434 turns).

qw the Skirmisher (Deep Elf Hunter)                 Turns: 2434, Time: 00:00:53

Health: -6/25      AC:  5    Str: 10    XL:     4   Next: 87%
Magic:  6/6        EV: 11    Int: 14    God:
Gold:   53         SH:  0    Dex: 18    Spells: 3/3 levels left

rFire   . . .        Y - +0 shortbow
rCold   . . .        (shield currently unavailable)
rNeg    . . .        d - +0 ring mail
rPois   .            (no helmet)
rElec   .            (no cloak)
rCorr   +            (no gloves)
SInv    .            (no boots)
Will    .....        (no amulet)
Stlth   +            c - ring of resist corrosion
HPRegen 0.24/turn    (no ring)
MPRegen 0.10/turn

%: no passive effects
@: about to teleport
A: no striking features
a: no special abilities


You were on level 3 of the Dungeon.
You visited 1 branch of the dungeon, and saw 4 of its levels.

You collected 158 gold pieces.
You spent 105 gold pieces at shops.


   Skills:
 - Level 1.5 Fighting
 + Level 8.3 Ranged Weapons
 - Level 2.4 Dodging
 - Level 1.2 Stealth


You had 3 spell levels left.
You didn't know any spells.
Your spell library was empty.

Inventory:

Hand Weapons
 Y - a +0 shortbow (weapon)
Armour
 d - a +0 ring mail (worn)
Jewellery
 c - a ring of resist corrosion (left hand)
Scrolls
 a - a scroll of identify
 i - a scroll of teleportation
Potions
 b - a potion of heal wounds {unknown}
 e - a potion of invisibility {unknown}
 f - a potion of curing
 g - a potion of lignification {unknown}
 k - a potion of enlightenment {unknown}
 l - a potion of mutation {unknown}

Dungeon Overview and Level Annotations

Branches:
Dungeon (4/15)
 Temple: D:4-7

Altars:
Xom

Shops:
D:3 *


Message History

The orc wizard shouts!
The hound barks!
The arrow hits the hound!
The hound is severely wounded.
The hound bites you but does no damage.
You shoot an arrow. The arrow closely misses the hound.
The arrow closely misses the orc.
The hound bites you but does no damage. x2; The orc barely misses you.
You shoot an arrow. The arrow barely misses the hound.
The arrow hits the orc.
The orc is moderately wounded.
The hound barely misses you. The orc hits you with a +0 war axe.
The orc wizard barely misses you. The hound bites you but does no damage.
2429 ||| STAIRDANCE The hound barely misses you.
The hobgoblin hits you but does no damage.
The orc completely misses you.
The orc wizard hits you with a +0 dagger.
You climb upwards.
There is a stone staircase leading down here.
You shoot an arrow. The arrow hits the hound.
The hound is almost dead.
The hound closely misses you.
The hobgoblin hits you but does no damage.
The orc wizard barely misses you. The orc hits you with a +0 war axe.
The hound barely misses you.
You shoot an arrow.
The arrow hits the hound but does no damage.
The hound is almost dead.
The hound bites you but does no damage. The hobgoblin closely misses you.
The orc wizard gestures at you while chanting.
The magic dart hits you! The orc misses you. The hound barely misses you.
2433 ||| READING 2 scrolls of teleportation.
As you read the scroll of teleportation, it crumbles to dust.
You feel strangely unstable. The hobgoblin hits you. The orc barely misses you.
The orc wizard hits you but does no damage.
The hound closely misses you.
You shoot an arrow. The arrow hits the hound.
You kill the hound!
The hobgoblin barely misses you. The orc hits you with a +0 war axe!
You die...

################........#.#
#...#.#####.#.#
#...........#.#
#...#.####..#.#
#...#....#..#.#####
#...#.##.#..#......
#...#............#.
#..g..##.#..####.#.
#o@o.....#..# #.#. #######
#....#####..# #.#.
###.%%..## ####.....####..#
#.#.
#...#.#..###......#...##).#
#)#.
...##.##.......##...#.##..#
#.#.
.#..###..#.#...###....##..#
#.#. .#...#..##.##..#
##.......# #.##
.#..###.(###...# ######.##
#... .#.##.##..##...# #.#
####


You could see an orc wizard, an orc and a hobgoblin.

Vanquished Creatures
  A hound (D:3)
  An orc wizard (D:2)
  3 adders
  A worm (D:3)
  A dart slug (D:3)
  6 orcs
  5 ball pythons
  8 endoplasms
  A giant cockroach (D:1)
  8 goblins
  6 hobgoblins
  7 kobolds
  A quokka (D:3)
  3 bats
  6 frilled lizards
  8 rats
66 creatures vanquished.

Notes
Turn   | Place    | Note
-------+----------+-------------------------------------------
     0 | D:1      | qw the Deep Elf Hunter began the quest for the Orb.
     0 | D:1      | Reached XP level 1. HP: 12/12 MP: 3/3
     0 | D:1      | 0 ||| qw: Version: 0.3-a-9-g12657ce
     0 | D:1      | 0 ||| qw: Game counter: 3204
     0 | D:1      | 0 ||| qw: Always use a shield: true
     0 | D:1      | 0 ||| qw: God list: Okawaru
     0 | D:1      | 0 ||| qw: Allow faded altars: false
     0 | D:1      | 0 ||| qw: Do Orc after D:15 true
     0 | D:1      | 0 ||| qw: Do second Lair branch before Depths: true
     0 | D:1      | 0 ||| qw: Lair rune preference: random
     0 | D:1      | 0 ||| qw: Plans: Normal
     0 | D:1      | 0 ||| PLANNING D:1-11
   101 | D:1      | Found a faded altar of an unknown god.
   363 | D:1      | Reached skill level 6 in Ranged Weapons
   363 | D:1      | Reached XP level 2. HP: 13/16 MP: 4/4
   811 | D:1      | 811 ||| UPGRADING to +0 ring mail.
   821 | D:1      | 821 ||| DROPPING +0 leather armour.
   822 | D:1      | 822 ||| READING scroll labelled MYMIFA FITELU.
   823 | D:1      | 823 ||| READING scroll labelled KYT QURIAMA.
   824 | D:1      | 824 ||| DROPPING scroll of butterflies.
   938 | D:2      | Reached XP level 3. HP: 20/20 MP: 5/5
  1008 | D:2      | Found a shimmering altar of Xom.
  1029 | D:2      | Reached skill level 7 in Ranged Weapons
  1232 | D:2      | Reached XP level 4. HP: 20/25 MP: 6/6
  1622 | D:2      | 1622 ||| UPGRADING to ring of resist corrosion.
  1623 | D:2      | 1623 ||| READING scroll labelled ZOFICK NOLYRO.
  1676 | D:3      | Found Jicuthrud's Assorted Antiques.
  1684 | D:3      | 1684 ||| BUYING lumpy golden potion (24 gold).
  1684 | D:3      | Bought a lumpy golden potion for 24 gold pieces
  1684 | D:3      | 1684 ||| BUYING scroll labelled CIDODYB GYSAI (27 gold).
  1684 | D:3      | Bought a scroll labelled CIDODYB GYSAI for 27 gold pieces
  1684 | D:3      | 1684 ||| BUYING scroll labelled RAOG GECKOIQIO (27 gold).
  1684 | D:3      | Bought a scroll labelled RAOG GECKOIQIO for 27 gold pieces
  1684 | D:3      | 1684 ||| BUYING scroll labelled TUOMOTZIAMU (27 gold).
  1684 | D:3      | Bought a scroll labelled TUOMOTZIAMU for 27 gold pieces
  1684 | D:3      | 1684 ||| SHOPLISTING scroll labelled YBUGUL QULEHI (27
                  | gold, have 24).
  1971 | D:3      | Reached skill level 8 in Ranged Weapons
  2160 | D:3      | 2160 ||| FLEEEEING.
  2411 | D:3      | 2411 ||| READING scroll labelled CIDODYB GYSAI.
  2412 | D:3      | 2412 ||| READING 3 scrolls labelled RAOG GECKOIQIO.
  2417 | D:3      | 2417 ||| READING scroll labelled TUOMOTZIAMU.
  2418 | D:3      | 2418 ||| DRINKING 2 red potions.
  2429 | D:4      | 2429 ||| STAIRDANCE
  2432 | D:3      | HP: 6/25 [orc wizard/magic dart (10)]
  2433 | D:3      | 2433 ||| READING 2 scrolls of teleportation.
  2434 | D:3      | Mangled by an orc

Levels and vault maps discovered:
D:1:      dpeg_arrival_concentric_ovals, layout_basic, basic_ecumenical_altar
D:2:      layout_basic, basic_altar, hangedman_decor_lopped, grunt_decor_cap
D:3:      wander_river, layout_basic, serial_shops, shop, minmay_between
D:4:      layout_basic

Skill      XL: |  1  2  3  4 |
---------------+-------------+-----
Ranged Weapons | 6 7 8 |  8.3
Fighting       | |  1.5
Dodging        | |  2.4
Stealth        | |  1.2

Action                     |  1- 3 |  4- 6 || total
---------------------------+-------+-------++-------
   Fire: Shortbow          |   129 |    67 ||   196
    Use: Scroll            |     2 |     5 ||     7
         Potion            |       |     1 ||     1
 Armour: Leather armour    |    12 |       ||    12
         Ring mail         |     9 |    12 ||    21
  Dodge: Dodged            |    27 |    21 ||    48

Table legend:
 A = Non-vault XP
 B = Vault XP
 C = Vault XP percentage of total XP
 D = Non-vault monster count
 E = Vault monster count
 F = Vault count percentage of total count
                 A         B        C        D         E       F
            +---------+---------+-------+---------+---------+-------
      Total |     216 |       8 |   3.6 |      61 |       5 |   7.6
            +---------+---------+-------+---------+---------+-------
        D:1 |      37 |       0 |   0.0 |      23 |       0 |   0.0
        D:2 |      89 |       0 |   0.0 |      20 |       0 |   0.0
        D:3 |      90 |       8 |   8.2 |      18 |       5 |  21.7
            +---------+---------+-------+---------+---------+-------
